Kings vs Red Wings
Created - March 4, 2022 at 09:03
Goals
|
| Kings |
0 |
2 |
1 |
3 |
| Red Wings |
2 |
1 |
3 |
6 |
|
Shots
|
| Kings |
6 |
11 |
18 |
35 |
| Red Wings |
9 |
6 |
20 |
35 |
|
1st period
1. Red Wings , Tye McGinn 4 (Philip Samuelsson 17, T.J. Hensick 9) at 10:03
2. Red Wings , Marko Dano 16 (Henrik Zetterberg 20, Kris Versteeg 14) at 19:26
Penalties :
Nikita Tryamkin (L.A) for Roughing (Minor) at 7:47, Anze Kopitar (L.A) for High sticking (Minor) at 15:21
2nd period
3. Kings , Tyler Toffoli 15 (Dalton Prout 3) at 3:25 (SH)
4. Red Wings , Kris Versteeg 14 (T.J. Hensick 10, Robin Lehner) at 6:37
5. Kings , Joe Pavelski 14 (Nathan MacKinnon 18, Gabriel Landeskog 14) at 9:10
Penalties :
Dan Hamhuis (L.A) for Interference (Minor) at 1:55, T.J. Hensick (Det) for Roughing (Minor) at 4:24, Derek Boogaard (L.A) for High sticking (Minor) at 11:48
3rd period
6. Red Wings , Dylan Larkin 8 (Connor Brown 18, Mike Richards 18) at 4:41
7. Kings , Nathan MacKinnon 17 (Teuvo Teravainen 15) at 5:09 (PP)
8. Red Wings , Henrik Zetterberg 12 (Marko Dano 16) at 7:08
9. Red Wings , Philip Samuelsson 5 (Connor Brown 19, Mike Richards 19) at 17:35 (PP)
Penalties :
Connor Brown (Det) for Holding Stick (Minor) at 1:33, Ryan O'Byrne (Det) for Hooking (Minor) at 5:05, David Rundblad (Det) for Tripping (Minor) at 6:53, Nathan MacKinnon (L.A) for Hooking (Minor) at 6:57, Anze Kopitar (L.A) for Tripping (Minor) at 16:29
Goalie Stats
Andrei Vasilevskiy (L.A), 16 saves from 18 shots - (0.889), 15:19 minutes
Jonathan Bernier (L.A), 13 saves from 17 shots - (0.765), L, 7-5-2, 44:41 minutes
Robin Lehner (Det), 32 saves from 35 shots - (0.914), W, 20-7-3, 60:00 minutes
Players Stats for Kings
Player Name G A P +/- PIM S H SB GA TA FO MP PP MP PK MP
------------------------------------------------------------------------------------
Aaron Ekblad 0 0 0 -2 0 1 2 3 1 0 0/0 26:31 2:08 2:07
Anze Kopitar 0 0 0 -3 4 0 0 0 2 1 11/26 19:23 1:35 3:16
Byron Bitz 0 0 0 -1 0 2 1 0 1 0 0/2 11:59 0:00 1:56
Dalton Prout 0 1 1 1 0 1 1 2 0 3 0/0 23:14 0:00 4:55
Dan Hamhuis 0 0 0 -2 2 1 1 1 0 0 0/0 21:18 0:00 3:43
Dan Renouf 0 0 0 0 0 0 0 1 0 0 0/0 8:41 0:00 0:22
Derek Boogaard 0 0 0 0 2 0 0 0 1 0 0/0 10:57 0:00 1:16
Eric Gryba 0 0 0 -2 0 2 0 2 0 0 0/0 21:01 0:00 4:00
Gabriel Landeskog 0 1 1 -1 0 2 3 1 0 1 0/2 19:27 2:08 2:27
Henrik Sedin 0 0 0 -1 0 1 0 1 0 0 2/5 11:34 0:11 1:24
Joe Pavelski 1 0 1 1 0 6 2 1 0 0 0/0 19:16 1:58 5:13
Jonathan Drouin 0 0 0 -1 0 4 0 1 0 0 0/0 11:54 1:35 0:07
Mikko Rantanen 0 0 0 -1 0 3 0 0 0 0 0/1 11:21 1:35 0:00
Nathan MacKinnon 1 1 2 1 2 6 1 1 1 0 10/20 14:46 2:30 0:00
Nikita Tryamkin 0 0 0 0 2 0 1 1 0 1 0/0 14:28 1:58 3:05
Teuvo Teravainen 0 1 1 -2 0 3 2 0 0 0 0/0 15:08 2:20 0:00
Tim Connolly 0 0 0 -1 0 0 0 0 1 0 2/5 9:32 0:00 0:00
Tyler Toffoli 1 0 1 -1 0 3 1 0 0 0 1/2 18:23 2:31 2:33
Players Stats for Red Wings
Player Name G A P +/- PIM S H SB GA TA FO MP PP MP PK MP
------------------------------------------------------------------------------------
Carson Mcmillan 0 0 0 -1 0 1 0 1 0 0 0/0 9:18 0:08 2:27
Connor Brown 0 2 2 2 2 2 0 0 2 0 1/1 16:19 4:04 0:00
David Krejci 0 0 0 -1 0 0 0 0 0 0 0/0 6:31 0:00 0:31
David Rundblad 0 0 0 3 2 0 0 1 0 0 0/0 16:21 3:17 0:00
Drew Fata 0 0 0 1 0 2 1 0 1 0 0/0 22:06 5:51 2:44
Dylan Larkin 1 0 1 2 0 2 1 0 0 0 0/0 16:18 4:04 0:00
Henrik Zetterberg 1 1 2 1 0 5 1 0 2 0 19/36 21:38 4:52 0:00
Jiri Fischer 0 0 0 2 0 2 0 0 0 0 0/0 15:20 0:04 0:00
Jordin Tootoo 0 0 0 1 0 0 1 0 0 0 0/0 11:07 0:08 0:00
Kris Versteeg 1 1 2 0 0 5 2 1 0 0 5/7 23:38 4:54 2:27
Marko Dano 1 1 2 1 0 5 3 1 0 1 1/2 22:21 4:52 0:41
Michael Haley 0 0 0 -1 0 1 1 0 0 1 0/0 6:58 0:00 0:58
Mike Richards 0 2 2 2 0 2 0 0 0 0 7/11 17:38 4:06 0:37
Ole-Kristian Tollefsen 0 0 0 1 0 0 0 3 0 0 0/0 21:27 3:15 2:44
Philip Samuelsson 1 1 2 0 0 2 0 1 1 4 0/0 25:57 5:47 1:22
Ryan O'Byrne 0 0 0 -1 2 1 1 2 0 1 0/0 18:49 0:00 1:22
T.J. Hensick 0 2 2 1 2 4 1 0 0 0 4/6 11:02 0:00 0:31
Tye McGinn 1 0 1 1 0 1 0 0 0 0 0/0 11:07 0:08 0:00
3 Stars
1 - Marko Dano (Det)
2 - Henrik Zetterberg (Det)
3 - Kris Versteeg (Det)
Power Play
Kings - 1 on 4 Attempt(s) - 25.00%
Red Wings - 1 on 6 Attempt(s) - 16.67%
Penalty Kill
Kings - 5 on 6 Attempt(s) - 83.33%
- Score 1 goal in Penalty Kill
Red Wings - 3 on 4 Attempt(s) - 75.00%
- Score 0 goal in Penalty Kill
Team Stat
Kings - Hits : 15 - Faceoff Wins : 26 - Blocked Shots : 15 - Penalty Minutes : 12
Red Wings - Hits : 12 - Faceoff Wins : 37 - Blocked Shots : 10 - Penalty Minutes : 8
Official
Referees : Chris Lee and Francis Charron
Linesman : Michel Cormier and Travis Gawryletz
Game Notes
Andrei Vasilevskiy enters game at 4:41 of 3rd period
Finance
Level 1 -- Attendance: 6000 (100.00%) -- Ticket Income $600,000
Level 2 -- Attendance: 4914 (98.28%) -- Ticket Income $294,840
Level 3 -- Attendance: 2000 (100.00%) -- Ticket Income $70,000
Level 4 -- Attendance: 3908 (97.70%) -- Ticket Income $97,700
Luxury Box -- Attendance: 984 (98.40%) -- Ticket Income $196,800
Game was played at the Little Caesars arena.
Total Attendance: 17806 (98.92%)
Total Ticket Income: $1,259,340
Other Income: $188,901
Total Income: $1,448,241
Kings
5 vs 5 Forward
Center Left Wing Right Wing Time % Phy DF OF
1 Anze Kopitar Tyler Toffoli Teuvo Teravainen 30 0 2 3
2 Nathan MacKinnon Gabriel Landeskog Joe Pavelski 30 0 2 3
3 Henrik Sedin Jonathan Drouin Mikko Rantanen 20 0 2 3
4 Tim Connolly Derek Boogaard Byron Bitz 20 2 2 1
5 vs 5 Defense
Defense Defense Time % Phy DF OF
1 Aaron Ekblad Dalton Prout 45 0 3 2
2 Eric Gryba Dan Hamhuis 35 0 3 2
3 Nikita Tryamkin Dan Renouf 10 0 3 2
4 Aaron Ekblad Nikita Tryamkin 10 0 3 2
PowerPlay Forward
Center Left Wing Right Wing Time % Phy DF OF
1 Nathan MacKinnon Tyler Toffoli Teuvo Teravainen 60 0 1 4
2 Anze Kopitar Jonathan Drouin Mikko Rantanen 40 0 1 4
PowerPlay Defense
Defense Defense Time % Phy DF OF
1 Gabriel Landeskog Aaron Ekblad 60 0 1 4
2 Joe Pavelski Nikita Tryamkin 40 0 1 4
Penalty Kill 4 Players Forward
Center Wing Time % Phy DF OF
1 Anze Kopitar Joe Pavelski 60 0 4 1
2 Gabriel Landeskog Byron Bitz 40 0 4 1
Penalty Kill 4 Players Defense
Defense Defense Time % Phy DF OF
1 Dan Hamhuis Dalton Prout 60 1 4 0
2 Nikita Tryamkin Eric Gryba 40 1 4 0
Penalty Kill - 3 Players Forward
Forward Time % Phy DF OF
1 Anze Kopitar 60 1 2 2
2 Gabriel Landeskog 40 1 2 2
Penalty Kill - 3 Players Defense
Defense Defense Time % Phy DF OF
1 Nikita Tryamkin Dalton Prout 60 1 2 2
2 Dan Hamhuis Eric Gryba 40 1 2 2
4 vs 4 Forward
Center Wing Time % Phy DF OF
1 Anze Kopitar Gabriel Landeskog 60 0 2 3
2 Nathan MacKinnon Tyler Toffoli 40 0 2 3
4 vs 4 Defense
Defense Defense Time % Phy DF OF
1 Aaron Ekblad Dan Hamhuis 60 0 2 3
2 Eric Gryba Dalton Prout 40 0 2 3
Last Minutes Offensive
Center Left Wing Right Wing Defense Defense
Anze Kopitar Tyler Toffoli Teuvo Teravainen Aaron Ekblad Dalton Prout
Last Minutes Defensive
Center Left Wing Right Wing Defense Defense
Anze Kopitar Gabriel Landeskog Joe Pavelski Aaron Ekblad Dalton Prout
Goaltenders
Starting : Jonathan Bernier
Backup : Andrei Vasilevskiy
Extra Forwards
Normal : Jonathan Drouin, Tyler Toffoli, Gabriel Landeskog - PP : Joe Pavelski, Henrik Sedin - PK : Tyler Toffoli
Extra Defensemen
Normal : Aaron Ekblad, Dalton Prout, Eric Gryba - PP : Aaron Ekblad - PK : Aaron Ekblad, Dan Renouf
Penalty Shots
Anze Kopitar, Tyler Toffoli, Derek Boogaard, Joe Pavelski, Teuvo Teravainen
Scratches
Nick Leddy (Healthy), Robert Hagg (Healthy), Seth Jones (Bruised Left Shoulder Injury), Tom Wilson (Suspend)
Red Wings
5 vs 5 Forward
Center Left Wing Right Wing Time % Phy DF OF
1 Henrik Zetterberg Marko Dano Kris Versteeg 40 0 2 3
2 Mike Richards Dylan Larkin Connor Brown 30 0 2 3
3 T.J. Hensick Tye McGinn Jordin Tootoo 20 0 2 3
4 David Krejci Michael Haley Carson Mcmillan 10 0 3 2
5 vs 5 Defense
Defense Defense Time % Phy DF OF
1 Philip Samuelsson Ryan O'Byrne 40 0 2 3
2 Jiri Fischer Ole-Kristian Tollefsen 30 0 2 3
3 Drew Fata David Rundblad 20 0 2 3
4 Drew Fata David Rundblad 10 0 3 2
PowerPlay Forward
Center Left Wing Right Wing Time % Phy DF OF
1 Henrik Zetterberg Marko Dano Kris Versteeg 60 0 1 4
2 Mike Richards Dylan Larkin Connor Brown 40 0 1 4
PowerPlay Defense
Defense Defense Time % Phy DF OF
1 Philip Samuelsson Drew Fata 60 0 1 4
2 David Rundblad Ole-Kristian Tollefsen 40 0 1 4
Penalty Kill 4 Players Forward
Center Wing Time % Phy DF OF
1 Kris Versteeg Carson Mcmillan 60 0 4 1
2 T.J. Hensick Michael Haley 40 0 4 1
Penalty Kill 4 Players Defense
Defense Defense Time % Phy DF OF
1 Ole-Kristian Tollefsen Drew Fata 60 1 4 0
2 Philip Samuelsson Ryan O'Byrne 40 1 4 0
Penalty Kill - 3 Players Forward
Forward Time % Phy DF OF
1 Carson Mcmillan 60 1 4 0
2 Michael Haley 40 1 4 0
Penalty Kill - 3 Players Defense
Defense Defense Time % Phy DF OF
1 Ole-Kristian Tollefsen Ryan O'Byrne 60 0 5 0
2 Philip Samuelsson Drew Fata 40 0 5 0
4 vs 4 Forward
Center Wing Time % Phy DF OF
1 Henrik Zetterberg Marko Dano 55 0 2 3
2 Mike Richards Kris Versteeg 45 0 2 3
4 vs 4 Defense
Defense Defense Time % Phy DF OF
1 Philip Samuelsson Ole-Kristian Tollefsen 60 0 3 2
2 David Rundblad Jiri Fischer 40 0 3 2
Last Minutes Offensive
Center Left Wing Right Wing Defense Defense
Henrik Zetterberg Kris Versteeg Connor Brown Philip Samuelsson Marko Dano
Last Minutes Defensive
Center Left Wing Right Wing Defense Defense
T.J. Hensick Michael Haley Carson Mcmillan Ole-Kristian Tollefsen Drew Fata
Goaltenders
Starting : Robin Lehner
Backup : Mike McKenna
Extra Forwards
Normal : Dylan Larkin, Kris Versteeg, Connor Brown - PP : Tye McGinn, Carson Mcmillan - PK : Mike Richards
Extra Defensemen
Normal : Philip Samuelsson, Drew Fata, David Rundblad - PP : David Rundblad - PK : Jiri Fischer, David Rundblad
Penalty Shots
Kris Versteeg, Dylan Larkin, Marko Dano, Mike Richards, Carson Mcmillan
Scratches
Jakub Kindl (Healthy), Nino Niederreiter (Bruised Left Arm Injury), Ryane Clowe (Healthy)
% Time on Ice - Kings
Lines # - Real PCT - Wanted PCT - Time Play
Normal Forward
1 - 29% - 30% - 12:59
2 - 28% - 30% - 12:38
3 - 22% - 20% - 9:44
4 - 21% - 20% - 9:32
Normal Defense
1 - 46% - 45% - 20:46
2 - 34% - 35% - 15:25
3 - 17% - 10% - 7:31
4 - 3% - 10% - 1:11
PP Forward
1 - 61% - 60% - 2:31
2 - 39% - 40% - 1:35
PP Defense
1 - 52% - 60% - 2:08
2 - 48% - 40% - 1:58
PK Forward
1 - 79% - 60% - 7:10
2 - 21% - 40% - 1:56
PK Defense
1 - 55% - 60% - 4:59
2 - 45% - 40% - 4:07
PK3 Forward
1 - 0% - 60%
2 - 0% - 40%
PK3 Defense
1 - 0% - 60%
2 - 0% - 40%
44 Forward
1 - 100% - 60% - 1:55
2 - 0% - 40% - 0:00
44 Defense
1 - 63% - 60% - 1:12
2 - 37% - 40% - 0:43
Last Minute Offensive - 0:00
Last Minute Defensive - 0:00
Total
Forward - 60:00
Defense - 60:00
|
% Time on Ice - Red Wings
Lines # - Real PCT - Wanted PCT - Time Play
Normal Forward
1 - 36% - 40% - 16:15
2 - 27% - 30% - 12:14
3 - 23% - 20% - 10:24
4 - 13% - 10% - 6:00
Normal Defense
1 - 43% - 40% - 19:12
2 - 33% - 30% - 14:38
3 - 19% - 20% - 8:30
4 - 6% - 10% - 2:33
PP Forward
1 - 55% - 60% - 5:00
2 - 45% - 40% - 4:06
PP Defense
1 - 64% - 60% - 5:47
2 - 36% - 40% - 3:19
PK Forward
1 - 76% - 60% - 3:08
2 - 24% - 40% - 0:58
PK Defense
1 - 67% - 60% - 2:44
2 - 33% - 40% - 1:22
PK3 Forward
1 - 0% - 60%
2 - 0% - 40%
PK3 Defense
1 - 0% - 60%
2 - 0% - 40%
44 Forward
1 - 66% - 55% - 1:16
2 - 34% - 45% - 0:39
44 Defense
1 - 67% - 60% - 1:17
2 - 33% - 40% - 0:38
Last Minute Offensive - 0:00
Last Minute Defensive - 0:00
Total
Forward - 60:00
Defense - 60:00
|
Play-by-Play
1st period
0:01 of 1st period - Henrik Zetterberg wins face-off versus Anze Kopitar in neutral zone.
0:14 of 1st period - Slapshot by Henrik Zetterberg.
0:14 of 1st period - Shot Misses the Net.
0:16 of 1st period - Snap shot by Ryan O'Byrne.
0:16 of 1st period - Shot Misses the Net.
0:26 of 1st period - Philip Samuelsson is hit by Gabriel Landeskog and loses puck.
0:34 of 1st period - Off-side.
0:35 of 1st period - Henrik Sedin wins face-off versus T.J. Hensick in neutral zone.
0:42 of 1st period - Snap shot by Jonathan Drouin.
0:42 of 1st period - Stopped by Robin Lehner without a rebound.
0:43 of 1st period - T.J. Hensick wins face-off versus Henrik Sedin in Red Wings zone.
1:16 of 1st period - Slapshot by David Rundblad.
1:16 of 1st period - Shot Blocked by Dan Hamhuis.
2:03 of 1st period - Wrist shot by Tyler Toffoli.
2:03 of 1st period - Shot Blocked by Ole-Kristian Tollefsen.
3:05 of 1st period - Snap shot by Henrik Zetterberg.
3:05 of 1st period - Shot Blocked by Jonathan Drouin.
3:07 of 1st period - Slapshot by Kris Versteeg.
3:07 of 1st period - Stopped by Jonathan Bernier with a rebound.
3:09 of 1st period - Backhand shot by Philip Samuelsson.
3:09 of 1st period - Stopped by Jonathan Bernier with a rebound.
3:11 of 1st period - Slapshot by Jiri Fischer.
3:11 of 1st period - Stopped by Jonathan Bernier without a rebound.
3:12 of 1st period - Mike Richards wins face-off versus Nathan MacKinnon in Kings zone.
4:54 of 1st period - Snap shot by Eric Gryba.
4:54 of 1st period - Stopped by Robin Lehner with a rebound.
5:39 of 1st period - Wrist shot by Teuvo Teravainen.
5:39 of 1st period - Shot Misses the Net.
5:51 of 1st period - T.J. Hensick is hit by Tyler Toffoli and loses puck.
6:23 of 1st period - Dylan Larkin is hit by Joe Pavelski and loses puck.
6:57 of 1st period - Icing by Mike Richards.
6:58 of 1st period - Henrik Zetterberg wins face-off versus Mikko Rantanen in Red Wings zone.
7:05 of 1st period - Wrist shot by Kris Versteeg.
7:05 of 1st period - Shot Misses the Net.
7:07 of 1st period - Slapshot by Kris Versteeg.
7:07 of 1st period - Stopped by Jonathan Bernier without a rebound.
7:08 of 1st period - Nathan MacKinnon wins face-off versus Mike Richards in Kings zone.
7:23 of 1st period - Off-side.
7:24 of 1st period - Henrik Zetterberg wins face-off versus Anze Kopitar in neutral zone.
7:47 of 1st period - Minor Penalty to Nikita Tryamkin for Roughing.
7:48 of 1st period - Henrik Zetterberg wins face-off versus Anze Kopitar in Kings zone.
9:47 of 1st period - Penalty to Nikita Tryamkin is over, Nikita Tryamkin is back on ice.
9:52 of 1st period - Wrist shot by Tyler Toffoli.
9:52 of 1st period - Stopped by Robin Lehner with a rebound.
10:03 of 1st period - Snap shot by Tye McGinn.
10:03 of 1st period - Goal by Tye McGinn - Kings : 0 - Red Wings : 1.
10:04 of 1st period - Nathan MacKinnon wins face-off versus Henrik Zetterberg in neutral zone.
10:07 of 1st period - Snap shot by Nathan MacKinnon.
10:07 of 1st period - Stopped by Robin Lehner without a rebound.
10:08 of 1st period - Nathan MacKinnon wins face-off versus Henrik Zetterberg in Red Wings zone.
10:09 of 1st period - Wrist shot by Gabriel Landeskog.
10:09 of 1st period - Shot Blocked by Ole-Kristian Tollefsen.
10:17 of 1st period - Wrist shot by Nathan MacKinnon.
10:17 of 1st period - Deflect By Kris Versteeg.
10:17 of 1st period - Shot Misses the Net.
10:17 of 1st period - Puck is out of play.
10:18 of 1st period - Mike Richards wins face-off versus Nathan MacKinnon in Red Wings zone.
10:49 of 1st period - Wrist shot by Teuvo Teravainen.
10:49 of 1st period - Shot Misses the Net.
11:09 of 1st period - Wrist shot by Derek Boogaard.
11:09 of 1st period - Shot Misses the Net.
11:15 of 1st period - Dalton Prout is hit by Drew Fata and loses puck.
11:58 of 1st period - Ole-Kristian Tollefsen is hit by Gabriel Landeskog and loses puck.
12:10 of 1st period - Icing by Dalton Prout.
12:11 of 1st period - Henrik Zetterberg wins face-off versus Anze Kopitar in Kings zone.
12:12 of 1st period - Slapshot by Kris Versteeg.
12:12 of 1st period - Shot Misses the Net.
12:38 of 1st period - Byron Bitz is hit by Dylan Larkin and loses puck.
13:41 of 1st period - Slapshot by Henrik Zetterberg.
13:41 of 1st period - Stopped by Jonathan Bernier without a rebound.
13:42 of 1st period - Henrik Zetterberg wins face-off versus Anze Kopitar in Kings zone.
13:47 of 1st period - Snap shot by Henrik Zetterberg.
13:47 of 1st period - Stopped by Jonathan Bernier without a rebound.
13:48 of 1st period - Anze Kopitar wins face-off versus Henrik Zetterberg in Kings zone.
13:48 of 1st period - Anze Kopitar is hit by Ryan O'Byrne.
13:53 of 1st period - Off-side.
13:54 of 1st period - Anze Kopitar wins face-off versus Henrik Zetterberg in neutral zone.
14:27 of 1st period - Wrist shot by Mike Richards.
14:27 of 1st period - Stopped by Jonathan Bernier with a rebound.
15:08 of 1st period - Snap shot by Jonathan Drouin.
15:08 of 1st period - Shot Misses the Net.
15:21 of 1st period - Minor Penalty to Anze Kopitar for High sticking.
15:22 of 1st period - Tyler Toffoli wins face-off versus Henrik Zetterberg in Kings zone.
15:29 of 1st period - Slapshot by Joe Pavelski.
15:29 of 1st period - Stopped by Robin Lehner with a rebound.
15:53 of 1st period - Snap shot by Dylan Larkin.
15:53 of 1st period - Shot Blocked by Henrik Sedin.
16:25 of 1st period - David Rundblad is hit by Byron Bitz and loses puck.
17:21 of 1st period - Penalty to Anze Kopitar is over, Anze Kopitar is back on ice.
17:26 of 1st period - Eric Gryba is hit by Jordin Tootoo and loses puck.
18:23 of 1st period - Henrik Zetterberg is hit by Dalton Prout and loses puck.
18:44 of 1st period - Byron Bitz is hit by Kris Versteeg.
19:26 of 1st period - Snap shot by Marko Dano.
19:26 of 1st period - Goal by Marko Dano - Kings : 0 - Red Wings : 2.
19:27 of 1st period - Nathan MacKinnon wins face-off versus Mike Richards in neutral zone.
19:34 of 1st period - Wrist shot by Joe Pavelski.
19:34 of 1st period - Stopped by Robin Lehner with a rebound.
Goals for this period are 0 for Kings vs 2 for Red Wings.
Shots for this period are 6 for Kings vs 9 for Red Wings.
2nd period
0:01 of 2nd period - Mike Richards wins face-off versus Nathan MacKinnon in neutral zone.
0:57 of 2nd period - Slapshot by Teuvo Teravainen.
0:57 of 2nd period - Stopped by Robin Lehner without a rebound.
0:58 of 2nd period - Henrik Zetterberg wins face-off versus Nathan MacKinnon in Red Wings zone.
1:12 of 2nd period - Off-side.
1:13 of 2nd period - T.J. Hensick wins face-off versus Anze Kopitar in neutral zone.
1:18 of 2nd period - Snap shot by T.J. Hensick.
1:18 of 2nd period - Shot Hit the Post.
1:20 of 2nd period - Wrist shot by Jordin Tootoo.
1:20 of 2nd period - Shot Blocked by Aaron Ekblad.
1:22 of 2nd period - Snap shot by Philip Samuelsson.
1:22 of 2nd period - Deflect By Jordin Tootoo.
1:22 of 2nd period - Shot Misses the Net.
1:22 of 2nd period - Puck is out of play.
1:23 of 2nd period - T.J. Hensick wins face-off versus Anze Kopitar in Kings zone.
1:26 of 2nd period - Slapshot by Tye McGinn.
1:26 of 2nd period - Shot Misses the Net.
1:28 of 2nd period - Snap shot by Ryan O'Byrne.
1:28 of 2nd period - Shot Misses the Net.
1:30 of 2nd period - Slapshot by T.J. Hensick.
1:30 of 2nd period - Shot Misses the Net.
1:36 of 2nd period - Wrist shot by Tye McGinn.
1:36 of 2nd period - Shot Misses the Net.
1:38 of 2nd period - Slapshot by Philip Samuelsson.
1:38 of 2nd period - Shot Misses the Net.
1:40 of 2nd period - Slapshot by Philip Samuelsson.
1:40 of 2nd period - Shot Blocked by Aaron Ekblad.
1:42 of 2nd period - Wrist shot by T.J. Hensick.
1:42 of 2nd period - Shot Misses the Net.
1:44 of 2nd period - Slapshot by Ryan O'Byrne.
1:44 of 2nd period - Shot Misses the Net.
1:46 of 2nd period - Snap shot by T.J. Hensick.
1:46 of 2nd period - Deflect By Jordin Tootoo.
1:46 of 2nd period - Shot Blocked by Dalton Prout.
1:46 of 2nd period - Puck is out of play.
1:47 of 2nd period - Marko Dano wins face-off versus Nathan MacKinnon in Kings zone.
1:55 of 2nd period - Minor Penalty to Dan Hamhuis for Interference.
1:56 of 2nd period - Henrik Zetterberg wins face-off versus Anze Kopitar in Kings zone.
2:22 of 2nd period - Dylan Larkin is hit by Gabriel Landeskog.
2:54 of 2nd period - Snap shot by Marko Dano.
2:54 of 2nd period - Shot Misses the Net.
3:06 of 2nd period - Eric Gryba is hit by Marko Dano and loses puck.
3:25 of 2nd period - Slapshot by Tyler Toffoli.
3:25 of 2nd period - Deflect By Henrik Zetterberg.
3:25 of 2nd period - Goal by Tyler Toffoli - Kings : 1 - Red Wings : 2.
3:26 of 2nd period - Anze Kopitar wins face-off versus Henrik Zetterberg in neutral zone.
3:41 of 2nd period - Slapshot by Philip Samuelsson.
3:41 of 2nd period - Shot Misses the Net.
3:55 of 2nd period - Penalty to Dan Hamhuis is over, Dan Hamhuis is back on ice.
4:22 of 2nd period - Snap shot by Jonathan Drouin.
4:22 of 2nd period - Stopped by Robin Lehner with a rebound.
4:24 of 2nd period - Minor Penalty to T.J. Hensick for Roughing.
4:25 of 2nd period - Kris Versteeg wins face-off versus Nathan MacKinnon in Red Wings zone.
4:39 of 2nd period - Wrist shot by Nathan MacKinnon.
4:39 of 2nd period - Stopped by Robin Lehner with a rebound.
4:41 of 2nd period - Slapshot by Joe Pavelski.
4:41 of 2nd period - Stopped by Robin Lehner with a rebound.
4:55 of 2nd period - Wrist shot by Mikko Rantanen.
4:55 of 2nd period - Stopped by Robin Lehner with a rebound.
4:57 of 2nd period - Wrist shot by Joe Pavelski.
4:57 of 2nd period - Shot Blocked by Carson Mcmillan.
5:01 of 2nd period - Snap shot by Anze Kopitar.
5:01 of 2nd period - Shot Misses the Net.
5:53 of 2nd period - Wrist shot by Michael Haley.
5:53 of 2nd period - Shot Misses the Net.
6:24 of 2nd period - Penalty to T.J. Hensick is over, T.J. Hensick is back on ice.
6:37 of 2nd period - Snap shot by Kris Versteeg.
6:37 of 2nd period - Goal by Kris Versteeg - Kings : 1 - Red Wings : 3.
6:38 of 2nd period - Mike Richards wins face-off versus Tim Connolly in neutral zone.
6:53 of 2nd period - Snap shot by Connor Brown.
6:53 of 2nd period - Deflect By Dylan Larkin.
6:53 of 2nd period - Shot Misses the Net.
6:53 of 2nd period - Puck is out of play.
6:54 of 2nd period - Nathan MacKinnon wins face-off versus Henrik Zetterberg in Kings zone.
7:21 of 2nd period - Mike Richards is hit by Teuvo Teravainen and loses puck.
7:28 of 2nd period - Wrist shot by Teuvo Teravainen.
7:28 of 2nd period - Shot Misses the Net.
7:30 of 2nd period - Backhand shot by Eric Gryba.
7:30 of 2nd period - Stopped by Robin Lehner without a rebound.
7:31 of 2nd period - Tim Connolly wins face-off versus Henrik Zetterberg in Red Wings zone.
7:38 of 2nd period - Wrist shot by Derek Boogaard.
7:38 of 2nd period - Shot Blocked by David Rundblad.
8:00 of 2nd period - Wrist shot by Gabriel Landeskog.
8:00 of 2nd period - Stopped by Robin Lehner with a rebound.
8:24 of 2nd period - Wrist shot by T.J. Hensick.
8:24 of 2nd period - Shot Blocked by Eric Gryba.
8:26 of 2nd period - Snap shot by T.J. Hensick.
8:26 of 2nd period - Stopped by Jonathan Bernier with a rebound.
9:10 of 2nd period - Snap shot by Joe Pavelski.
9:10 of 2nd period - Goal by Joe Pavelski - Kings : 2 - Red Wings : 3.
9:11 of 2nd period - Anze Kopitar wins face-off versus Henrik Zetterberg in neutral zone.
9:16 of 2nd period - Icing by Marko Dano.
9:17 of 2nd period - Henrik Zetterberg wins face-off versus Anze Kopitar in Red Wings zone.
9:28 of 2nd period - Teuvo Teravainen is hit by Marko Dano and loses puck.
9:55 of 2nd period - Slapshot by Gabriel Landeskog.
9:55 of 2nd period - Shot Misses the Net.
10:18 of 2nd period - Wrist shot by Mikko Rantanen.
10:18 of 2nd period - Deflect By Jonathan Drouin.
10:18 of 2nd period - Shot Misses the Net.
10:18 of 2nd period - Puck is out of play.
10:19 of 2nd period - Anze Kopitar wins face-off versus Henrik Zetterberg in Red Wings zone.
10:32 of 2nd period - Tyler Toffoli is hit by Marko Dano and loses puck.
10:45 of 2nd period - Tye McGinn is hit by Nikita Tryamkin.
10:51 of 2nd period - Wrist shot by Nathan MacKinnon.
10:51 of 2nd period - Shot Blocked by Ryan O'Byrne.
10:53 of 2nd period - Slapshot by Aaron Ekblad.
10:53 of 2nd period - Shot Misses the Net.
10:55 of 2nd period - Slapshot by Dalton Prout.
10:55 of 2nd period - Shot Misses the Net.
10:57 of 2nd period - Slapshot by Aaron Ekblad.
10:57 of 2nd period - Stopped by Robin Lehner without a rebound.
10:58 of 2nd period - Henrik Zetterberg wins face-off versus Byron Bitz in Red Wings zone.
11:48 of 2nd period - Minor Penalty to Derek Boogaard for High sticking.
11:49 of 2nd period - Kris Versteeg wins face-off versus Anze Kopitar in Kings zone.
13:48 of 2nd period - Penalty to Derek Boogaard is over, Derek Boogaard is back on ice.
14:30 of 2nd period - Drew Fata is hit by Aaron Ekblad and loses puck.
15:49 of 2nd period - Aaron Ekblad is hit by Henrik Zetterberg and loses puck.
15:58 of 2nd period - Kris Versteeg is hit by Dan Hamhuis.
16:26 of 2nd period - Slapshot by Connor Brown.
16:26 of 2nd period - Stopped by Jonathan Bernier without a rebound.
16:27 of 2nd period - T.J. Hensick wins face-off versus Gabriel Landeskog in Kings zone.
16:30 of 2nd period - Wrist shot by Tye McGinn.
16:30 of 2nd period - Shot Misses the Net.
16:50 of 2nd period - Slapshot by Nathan MacKinnon.
16:50 of 2nd period - Deflect By Ole-Kristian Tollefsen.
16:50 of 2nd period - Stopped by Robin Lehner with a rebound.
17:04 of 2nd period - Snap shot by T.J. Hensick.
17:04 of 2nd period - Stopped by Jonathan Bernier with a rebound.
17:16 of 2nd period - Backhand shot by T.J. Hensick.
17:16 of 2nd period - Stopped by Jonathan Bernier with a rebound.
17:24 of 2nd period - Wrist shot by T.J. Hensick.
17:24 of 2nd period - Shot Misses the Net.
17:30 of 2nd period - Wrist shot by Jordin Tootoo.
17:30 of 2nd period - Shot Blocked by Gabriel Landeskog.
17:32 of 2nd period - Slapshot by Jordin Tootoo.
17:32 of 2nd period - Shot Blocked by Joe Pavelski.
17:36 of 2nd period - Slapshot by Jordin Tootoo.
17:36 of 2nd period - Shot Blocked by Eric Gryba.
17:40 of 2nd period - Wrist shot by Tye McGinn.
17:40 of 2nd period - Shot Blocked by Nathan MacKinnon.
17:42 of 2nd period - Wrist shot by Tye McGinn.
17:42 of 2nd period - Shot Blocked by Dalton Prout.
17:44 of 2nd period - Slapshot by Jiri Fischer.
17:44 of 2nd period - Stopped by Jonathan Bernier without a rebound.
17:45 of 2nd period - Anze Kopitar wins face-off versus Henrik Zetterberg in Kings zone.
18:37 of 2nd period - Slapshot by David Krejci.
18:37 of 2nd period - Shot Misses the Net.
19:29 of 2nd period - Wrist shot by Henrik Zetterberg.
19:29 of 2nd period - Shot Blocked by Aaron Ekblad.
19:49 of 2nd period - David Rundblad is hit by Nathan MacKinnon and loses puck.
Goals for this period are 2 for Kings vs 1 for Red Wings.
Shots for this period are 11 for Kings vs 6 for Red Wings.
3rd period
0:01 of 3rd period - Henrik Zetterberg wins face-off versus Anze Kopitar in neutral zone.
0:03 of 3rd period - Off-side.
0:04 of 3rd period - Anze Kopitar wins face-off versus Henrik Zetterberg in neutral zone.
0:57 of 3rd period - Snap shot by Tye McGinn.
0:57 of 3rd period - Shot Misses the Net.
1:28 of 3rd period - Snap shot by Henrik Sedin.
1:28 of 3rd period - Stopped by Robin Lehner with a rebound.
1:30 of 3rd period - Wrist shot by Mikko Rantanen.
1:30 of 3rd period - Stopped by Robin Lehner without a rebound.
1:31 of 3rd period - Connor Brown wins face-off versus Anze Kopitar in Red Wings zone.
1:33 of 3rd period - Minor Penalty to Connor Brown for Holding Stick.
1:34 of 3rd period - Kris Versteeg wins face-off versus Nathan MacKinnon in Red Wings zone.
1:46 of 3rd period - Snap shot by Teuvo Teravainen.
1:46 of 3rd period - Deflect By Tyler Toffoli.
1:46 of 3rd period - Shot Misses the Net.
1:46 of 3rd period - Puck is out of play.
1:47 of 3rd period - Kris Versteeg wins face-off versus Nathan MacKinnon in Red Wings zone.
2:36 of 3rd period - Wrist shot by Michael Haley.
2:36 of 3rd period - Stopped by Jonathan Bernier without a rebound.
2:37 of 3rd period - Kris Versteeg wins face-off versus Nathan MacKinnon in Kings zone.
3:33 of 3rd period - Penalty to Connor Brown is over, Connor Brown is back on ice.
4:41 of 3rd period - Snap shot by Dylan Larkin.
4:41 of 3rd period - Goal by Dylan Larkin - Kings : 2 - Red Wings : 4.
4:41 of 3rd period - Andrei Vasilevskiy enters game.
4:42 of 3rd period - Anze Kopitar wins face-off versus Mike Richards in neutral zone.
4:53 of 3rd period - Wrist shot by Teuvo Teravainen.
4:53 of 3rd period - Stopped by Robin Lehner with a rebound.
5:05 of 3rd period - Minor Penalty to Ryan O'Byrne for Hooking.
5:06 of 3rd period - Nathan MacKinnon wins face-off versus Kris Versteeg in Red Wings zone.
5:09 of 3rd period - Wrist shot by Nathan MacKinnon.
5:09 of 3rd period - Goal by Nathan MacKinnon - Kings : 3 - Red Wings : 4.
5:10 of 3rd period - Nathan MacKinnon wins face-off versus Henrik Zetterberg in neutral zone.
5:15 of 3rd period - Slapshot by Dan Hamhuis.
5:15 of 3rd period - Stopped by Robin Lehner with a rebound.
5:17 of 3rd period - Slapshot by Gabriel Landeskog.
5:17 of 3rd period - Stopped by Robin Lehner without a rebound.
5:18 of 3rd period - Nathan MacKinnon wins face-off versus Henrik Zetterberg in Red Wings zone.
5:19 of 3rd period - Wrist shot by Joe Pavelski.
5:19 of 3rd period - Shot Blocked by Marko Dano.
5:21 of 3rd period - Slapshot by Dan Hamhuis.
5:21 of 3rd period - Shot Misses the Net.
5:23 of 3rd period - Wrist shot by Joe Pavelski.
5:23 of 3rd period - Stopped by Robin Lehner with a rebound.
5:45 of 3rd period - Slapshot by Nathan MacKinnon.
5:45 of 3rd period - Stopped by Robin Lehner without a rebound.
5:46 of 3rd period - Anze Kopitar wins face-off versus Mike Richards in Red Wings zone.
6:13 of 3rd period - Off-side.
6:14 of 3rd period - Nathan MacKinnon wins face-off versus Henrik Zetterberg in neutral zone.
6:53 of 3rd period - Minor Penalty to David Rundblad for Tripping.
6:54 of 3rd period - Nathan MacKinnon wins face-off versus Kris Versteeg in Red Wings zone.
6:57 of 3rd period - Minor Penalty to Nathan MacKinnon for Hooking.
6:58 of 3rd period - Henrik Zetterberg wins face-off versus Anze Kopitar in Kings zone.
7:06 of 3rd period - Wrist shot by Henrik Zetterberg.
7:06 of 3rd period - Shot Misses the Net.
7:08 of 3rd period - Wrist shot by Henrik Zetterberg.
7:08 of 3rd period - Goal by Henrik Zetterberg - Kings : 3 - Red Wings : 5.
7:09 of 3rd period - Henrik Zetterberg wins face-off versus Gabriel Landeskog in neutral zone.
7:18 of 3rd period - Snap shot by Philip Samuelsson.
7:18 of 3rd period - Deflect By Marko Dano.
7:18 of 3rd period - Stopped by Andrei Vasilevskiy with a rebound.
7:54 of 3rd period - Snap shot by Tyler Toffoli.
7:54 of 3rd period - Deflect By Jonathan Drouin.
7:54 of 3rd period - Stopped by Robin Lehner with a rebound.
8:30 of 3rd period - Icing by Kris Versteeg.
8:31 of 3rd period - Mike Richards wins face-off versus Henrik Sedin in Red Wings zone.
8:53 of 3rd period - Penalty to David Rundblad is over, David Rundblad is back on ice.
8:57 of 3rd period - Penalty to Nathan MacKinnon is over, Nathan MacKinnon is back on ice.
9:00 of 3rd period - Snap shot by Dylan Larkin.
9:00 of 3rd period - Stopped by Andrei Vasilevskiy with a rebound.
9:02 of 3rd period - Slapshot by Drew Fata.
9:02 of 3rd period - Stopped by Andrei Vasilevskiy without a rebound.
9:03 of 3rd period - Mike Richards wins face-off versus Tim Connolly in Kings zone.
9:04 of 3rd period - Wrist shot by Dylan Larkin.
9:04 of 3rd period - Shot Misses the Net.
9:06 of 3rd period - Slapshot by Drew Fata.
9:06 of 3rd period - Stopped by Andrei Vasilevskiy with a rebound.
9:08 of 3rd period - Wrist shot by Connor Brown.
9:08 of 3rd period - Deflect By Dylan Larkin.
9:08 of 3rd period - Shot Blocked by Dan Renouf.
9:08 of 3rd period - Puck is out of play.
9:09 of 3rd period - Henrik Zetterberg wins face-off versus Byron Bitz in Kings zone.
9:12 of 3rd period - Snap shot by Marko Dano.
9:12 of 3rd period - Stopped by Andrei Vasilevskiy without a rebound.
9:13 of 3rd period - Henrik Zetterberg wins face-off versus Tim Connolly in Kings zone.
9:14 of 3rd period - Snap shot by Marko Dano.
9:14 of 3rd period - Shot Misses the Net.
9:40 of 3rd period - Snap shot by Derek Boogaard.
9:40 of 3rd period - Deflect By Byron Bitz.
9:40 of 3rd period - Stopped by Robin Lehner without a rebound.
9:41 of 3rd period - Mike Richards wins face-off versus Anze Kopitar in Red Wings zone.
9:41 of 3rd period - Mike Richards is hit by Teuvo Teravainen.
10:07 of 3rd period - Philip Samuelsson is hit by Joe Pavelski and loses puck.
10:20 of 3rd period - Snap shot by Joe Pavelski.
10:20 of 3rd period - Stopped by Robin Lehner with a rebound.
10:34 of 3rd period - Slapshot by Derek Boogaard.
10:34 of 3rd period - Shot Misses the Net.
10:36 of 3rd period - Slapshot by Byron Bitz.
10:36 of 3rd period - Stopped by Robin Lehner with a rebound.
10:38 of 3rd period - Slapshot by Byron Bitz.
10:38 of 3rd period - Shot Blocked by Ryan O'Byrne.
10:40 of 3rd period - Slapshot by Tim Connolly.
10:40 of 3rd period - Shot Blocked by Philip Samuelsson.
10:42 of 3rd period - Wrist shot by Nikita Tryamkin.
10:42 of 3rd period - Deflect By Byron Bitz.
10:42 of 3rd period - Shot Misses the Net.
10:42 of 3rd period - Puck is out of play.
10:43 of 3rd period - Henrik Zetterberg wins face-off versus Anze Kopitar in Red Wings zone.
10:43 of 3rd period - Henrik Zetterberg is hit by Aaron Ekblad.
10:49 of 3rd period - Snap shot by Anze Kopitar.
10:49 of 3rd period - Shot Hit the Post.
10:51 of 3rd period - Slapshot by Aaron Ekblad.
10:51 of 3rd period - Shot Misses the Net.
10:53 of 3rd period - Slapshot by Teuvo Teravainen.
10:53 of 3rd period - Shot Misses the Net.
10:55 of 3rd period - Slapshot by Dalton Prout.
10:55 of 3rd period - Stopped by Robin Lehner without a rebound.
10:56 of 3rd period - Anze Kopitar wins face-off versus Henrik Zetterberg in Red Wings zone.
11:01 of 3rd period - Snap shot by Tyler Toffoli.
11:01 of 3rd period - Shot Misses the Net.
11:03 of 3rd period - Slapshot by Aaron Ekblad.
11:03 of 3rd period - Shot Misses the Net.
11:05 of 3rd period - Wrist shot by Teuvo Teravainen.
11:05 of 3rd period - Stopped by Robin Lehner with a rebound.
11:07 of 3rd period - Wrist shot by Teuvo Teravainen.
11:07 of 3rd period - Shot Blocked by Ole-Kristian Tollefsen.
11:25 of 3rd period - Wrist shot by Connor Brown.
11:25 of 3rd period - Stopped by Andrei Vasilevskiy with a rebound.
12:13 of 3rd period - Tim Connolly is hit by Michael Haley and loses puck.
12:38 of 3rd period - Snap shot by Nathan MacKinnon.
12:38 of 3rd period - Stopped by Robin Lehner with a rebound.
12:50 of 3rd period - Snap shot by Mike Richards.
12:50 of 3rd period - Stopped by Andrei Vasilevskiy with a rebound.
14:01 of 3rd period - Slapshot by Philip Samuelsson.
14:01 of 3rd period - Shot Misses the Net.
14:03 of 3rd period - Wrist shot by Marko Dano.
14:03 of 3rd period - Stopped by Andrei Vasilevskiy with a rebound.
14:05 of 3rd period - Snap shot by Marko Dano.
14:05 of 3rd period - Shot Misses the Net.
14:27 of 3rd period - Wrist shot by Anze Kopitar.
14:27 of 3rd period - Deflect By Tyler Toffoli.
14:27 of 3rd period - Stopped by Robin Lehner with a rebound.
14:59 of 3rd period - Snap shot by Henrik Zetterberg.
14:59 of 3rd period - Shot Misses the Net.
15:01 of 3rd period - Wrist shot by Kris Versteeg.
15:01 of 3rd period - Stopped by Andrei Vasilevskiy with a rebound.
15:03 of 3rd period - Snap shot by Kris Versteeg.
15:03 of 3rd period - Stopped by Andrei Vasilevskiy without a rebound.
15:04 of 3rd period - Henrik Zetterberg wins face-off versus Henrik Sedin in Kings zone.
15:29 of 3rd period - Wrist shot by Marko Dano.
15:29 of 3rd period - Stopped by Andrei Vasilevskiy with a rebound.
15:31 of 3rd period - Wrist shot by Ryan O'Byrne.
15:31 of 3rd period - Deflect By Mikko Rantanen.
15:31 of 3rd period - Stopped by Andrei Vasilevskiy with a rebound.
15:33 of 3rd period - Snap shot by Henrik Zetterberg.
15:33 of 3rd period - Stopped by Andrei Vasilevskiy with a rebound.
15:35 of 3rd period - Wrist shot by Marko Dano.
15:35 of 3rd period - Shot Blocked by Nikita Tryamkin.
15:41 of 3rd period - Slapshot by Nikita Tryamkin.
15:41 of 3rd period - Shot Misses the Net.
15:47 of 3rd period - Wrist shot by Jonathan Drouin.
15:47 of 3rd period - Stopped by Robin Lehner without a rebound.
15:48 of 3rd period - Tim Connolly wins face-off versus T.J. Hensick in Red Wings zone.
16:03 of 3rd period - Wrist shot by T.J. Hensick.
16:03 of 3rd period - Stopped by Andrei Vasilevskiy with a rebound.
16:29 of 3rd period - Minor Penalty to Anze Kopitar for Tripping.
16:30 of 3rd period - Henrik Zetterberg wins face-off versus Tyler Toffoli in Kings zone.
17:01 of 3rd period - Off-side.
17:02 of 3rd period - Henrik Sedin wins face-off versus Marko Dano in neutral zone.
17:35 of 3rd period - Slapshot by Philip Samuelsson.
17:35 of 3rd period - Deflect By Tyler Toffoli.
17:35 of 3rd period - Goal by Philip Samuelsson - Kings : 3 - Red Wings : 6.
17:36 of 3rd period - Anze Kopitar wins face-off versus Henrik Zetterberg in neutral zone.
17:49 of 3rd period - Wrist shot by Henrik Zetterberg.
17:49 of 3rd period - Stopped by Andrei Vasilevskiy with a rebound.
18:29 of 3rd period - Eric Gryba is hit by T.J. Hensick and loses puck.
18:57 of 3rd period - Snap shot by Carson Mcmillan.
18:57 of 3rd period - Stopped by Andrei Vasilevskiy with a rebound.
19:37 of 3rd period - Snap shot by Mikko Rantanen.
19:37 of 3rd period - Shot Misses the Net.
19:39 of 3rd period - Slapshot by Nikita Tryamkin.
19:39 of 3rd period - Shot Blocked by Kris Versteeg.
19:41 of 3rd period - Slapshot by Mikko Rantanen.
19:41 of 3rd period - Shot Misses the Net.
19:43 of 3rd period - Backhand shot by Mikko Rantanen.
19:43 of 3rd period - Stopped by Robin Lehner without a rebound.
19:44 of 3rd period - Henrik Zetterberg wins face-off versus Nathan MacKinnon in Red Wings zone.
19:49 of 3rd period - Joe Pavelski is hit by Kris Versteeg and loses puck.
Goals for this period are 1 for Kings vs 3 for Red Wings.
Shots for this period are 18 for Kings vs 20 for Red Wings.
Output by the SimonT Hockey Simulator (STHS) for Francois Prevost